| TOP OF THE 1ST |
|
Richmond Braves batting - Pitching for Louisville Stallions : RHP Jerry Ujdur
|
|
Pitching: RHP Jerry Ujdur
|
|
|
Batting: RHB Dave Stegman
|
0-0: Ball 1-0: Called Strike 1-1: Ball 2-1: Foul Ball, location: 2F 2-2: Ball 3-2: Fly out, F2 (Popup, 5SF, EV 71.9 MPH)
|
|
Batting: RHB Mike Fuentes
|
0-0: Ball 1-0: Called Strike 1-1: Swinging Strike 1-2: Fly out, F5 (Flyball, 5D, EV 91.3 MPH)
|
|
Batting: SHB Howard Johnson
|
0-0: Ball 1-0: Ball 2-0: Ball 3-0: Called Strike 3-1: Ground out 4-3 (Groundball, 4, EV 89.4 MPH)
|
| Top of the 1st over - 0 runs, 0 hits, 0 errors, 0 left on base; Richmond 0 - Louisville 0 |
| BOTTOM OF THE 1ST |
|
Louisville Stallions batting - Pitching for Richmond Braves : LHP Danny Jaster
|
|
Pitching: LHP Danny Jaster
|
|
|
Batting: SHB Harry Chappas
|
0-0: Called Strike 0-1: Swinging Strike 0-2: Ball 1-2: Strikes out swinging
|
|
Batting: SHB Gerald DeSimone
|
0-0: Ground out U3 (Groundball, 34, EV 83.1 MPH)
|
|
Batting: RHB Stephen Dembowski
|
0-0: Ball 1-0: Called Strike 1-1: Ball 2-1: Ball 3-1: Foul Ball, location: 2F 3-2: Fly out, F3 (Popup, 3, EV 61.9 MPH)
|
| Bottom of the 1st over - 0 runs, 0 hits, 0 errors, 0 left on base; Richmond 0 - Louisville 0 |
| TOP OF THE 2ND |
|
Richmond Braves batting - Pitching for Louisville Stallions : RHP Jerry Ujdur
|
|
Batting: LHB Chris Evans
|
0-0: SINGLE (Groundball, 6D, EV 97.5 MPH)
|
|
Batting: LHB Dan Rohn
|
0-0: Fly out, F2 (Popup, 2LF, EV 95.0 MPH)
|
|
Batting: LHB Max Venable
|
0-0: Ball 1-0: Called Strike 1-1: Hit by Pitch Chris Evans to second
|
|
Batting: SHB Donnie Scott
|
0-0: Called Strike 0-1: Ball 1-1: Swinging Strike 1-2: Ball 2-2: Ball 3-2: Base on Balls Chris Evans to third Max Venable to second
|
|
Batting: SHB Julio Cruz
|
0-0: Called Strike 0-1: Ball 1-1: Ball 2-1: Called Strike 2-2: Grounds into double play, 3-6-3 (Groundball, 3, EV 83.8 MPH)
|
| Top of the 2nd over - 0 runs, 1 hit, 0 errors, 2 left on base; Richmond 0 - Louisville 0 |
| BOTTOM OF THE 2ND |
|
Louisville Stallions batting - Pitching for Richmond Braves : LHP Danny Jaster
|
|
Batting: SHB Orestes Destrade
|
0-0: Ball 1-0: Called Strike 1-1: Fly out, F7 (Flyball, 7, EV 85.6 MPH)
|
|
Batting: RHB Kelly Heath
|
0-0: Swinging Strike 0-1: Swinging Strike 0-2: Ball 1-2: Strikes out looking
|
|
Batting: LHB Mauricio Gracia
|
0-0: Swinging Strike 0-1: Ball 1-1: Ground out 4-3 (Groundball, 4, EV 76.3 MPH)
|
| Bottom of the 2nd over - 0 runs, 0 hits, 0 errors, 0 left on base; Richmond 0 - Louisville 0 |
| TOP OF THE 3RD |
|
Richmond Braves batting - Pitching for Louisville Stallions : RHP Jerry Ujdur
|
|
Batting: RHB Mark Naehring
|
0-0: Ball 1-0: Swinging Strike 1-1: Foul Ball, location: 2F 1-2: Foul Ball, location: 2F 1-2: Ground out 5-3 (Groundball, 56, EV 86.9 MPH)
|
|
Batting: RHB Dave Stegman
|
0-0: Ball 1-0: Ball 2-0: Ball 3-0: Foul Ball, location: 2F 3-1: Base on Balls
|
|
Batting: RHB Mike Fuentes
|
0-0: Called Strike 0-1: Ball 1-1: Foul Ball, location: 2F 1-2: Ball 2-2: Foul Ball, location: 2F 2-2: Ball 3-2: Strikes out swinging Dave Stegman steals 2nd base Batter strikes out.
|
|
Batting: SHB Howard Johnson
|
0-0: Swinging Strike 0-1: Foul Ball, location: 2F 0-2: Ball 1-2: Ball 2-2: Ball 3-2: 2-RUN HOME RUN (Flyball, 9D, EV 92.5 MPH), Distance : 364 ft
|
|
Batting: LHB Chris Evans
|
0-0: Called Strike 0-1: Called Strike 0-2: Foul Ball, location: 2F 0-2: Foul Ball, location: 2F 0-2: Foul Ball, location: 2F 0-2: Foul Ball, location: 2F 0-2: Ball 1-2: Ball 2-2: SINGLE (Line Drive, 6MD, EV 95.6 MPH)
|
|
Batting: LHB Dan Rohn
|
0-0: Ball 1-0: Ball 2-0: Ball 3-0: Called Strike 3-1: Fielders Choice at 2nd, 6-4 (Groundball, 56, EV 102.5 MPH)
|
| Top of the 3rd over - 2 runs, 2 hits, 0 errors, 1 left on base; Richmond 2 - Louisville 0 |
| BOTTOM OF THE 3RD |
|
Louisville Stallions batting - Pitching for Richmond Braves : LHP Danny Jaster
|
|
Batting: LHB Steven Mobberley
|
0-0: Ground out U3 (Groundball, 3L, EV 90.6 MPH)
|
|
Batting: LHB John Tucker
|
0-0: Ball 1-0: Swinging Strike 1-1: Called Strike 1-2: Ground out 6-3 (Groundball, 6, EV 87.5 MPH)
|
|
Batting: RHB Gordy Hodgson
|
0-0: Called Strike 0-1: Swinging Strike 0-2: Foul Ball, location: 2F 0-2: Ball 1-2: Foul Ball, location: 2F 1-2: Strikes out looking
|
| Bottom of the 3rd over - 0 runs, 0 hits, 0 errors, 0 left on base; Richmond 2 - Louisville 0 |
| TOP OF THE 4TH |
|
Richmond Braves batting - Pitching for Louisville Stallions : RHP Jerry Ujdur
|
|
Batting: LHB Max Venable
|
0-0: Foul Ball, location: 2F 0-1: Ball 1-1: Ball 2-1: Ball 3-1: Base on Balls
|
|
Batting: SHB Donnie Scott
|
0-0: Ball 1-0: Foul Ball, location: 2F 1-1: Ball 2-1: SINGLE (Groundball, 6MD, EV 98.8 MPH) Max Venable to second
|
|
Batting: SHB Julio Cruz
|
0-0: Fielders Choice at 2nd, 4-6 (Groundball, 4, EV 86.3 MPH) Max Venable to third
|
|
Batting: RHB Mark Naehring
|
0-0: Called Strike 0-1: Ball 1-1: SINGLE (Groundball, 34D, EV 98.1 MPH) Max Venable scores Julio Cruz to second Runner from 2nd tries for 3rd, SAFE, throw by RF made to third
|
|
Batting: RHB Dave Stegman
|
0-0: Called Strike 0-1: Called Strike 0-2: Ball 1-2: Fly out, F8 (Flyball, 78D, EV 75.0 MPH) Runner from 3rd tags up, SCORES, no throw by CF
|
|
Batting: RHB Mike Fuentes
|
0-0: Called Strike 0-1: Ball 1-1: Ball 2-1: Fly out, F8 (Flyball, 8LM, EV 80.0 MPH)
|
| Top of the 4th over - 2 runs, 2 hits, 0 errors, 1 left on base; Richmond 4 - Louisville 0 |
| BOTTOM OF THE 4TH |
|
Louisville Stallions batting - Pitching for Richmond Braves : LHP Danny Jaster
|
|
Batting: SHB Harry Chappas
|
0-0: Called Strike 0-1: Ball 1-1: Swinging Strike 1-2: Ball 2-2: Ball 3-2: Foul Ball, location: 2F 3-2: Strikes out swinging
|
|
Batting: SHB Gerald DeSimone
|
0-0: Ball 1-0: Swinging Strike 1-1: Called Strike 1-2: Foul Ball, location: 2F 1-2: Fly out, F3 (Popup, 3L, EV 63.8 MPH)
|
|
Batting: RHB Stephen Dembowski
|
0-0: Ball 1-0: Ball 2-0: Called Strike 2-1: Ground out 6-3 (Groundball, 6, EV 87.5 MPH)
|
| Bottom of the 4th over - 0 runs, 0 hits, 0 errors, 0 left on base; Richmond 4 - Louisville 0 |
| TOP OF THE 5TH |
|
Richmond Braves batting - Pitching for Louisville Stallions : RHP Jerry Ujdur
|
|
Batting: SHB Howard Johnson
|
0-0: Foul Ball, location: 2F 0-1: Fly out, F8 (Flyball, 8RD, EV 103.8 MPH)
|
|
Batting: LHB Chris Evans
|
0-0: Ball 1-0: Called Strike 1-1: Called Strike 1-2: Strikes out swinging
|
|
Batting: LHB Dan Rohn
|
0-0: Ball 1-0: Ball 2-0: Ball 3-0: Called Strike 3-1: DOUBLE (Groundball, 3L, EV 101.9 MPH)
|
|
Batting: LHB Max Venable
|
0-0: Fly out, F6 (Popup, 6S, EV 79.4 MPH)
|
| Top of the 5th over - 0 runs, 1 hit, 0 errors, 1 left on base; Richmond 4 - Louisville 0 |
| BOTTOM OF THE 5TH |
|
Louisville Stallions batting - Pitching for Richmond Braves : LHP Danny Jaster
|
|
Batting: SHB Orestes Destrade
|
0-0: Foul Ball, location: 2F 0-1: Ball 1-1: SINGLE (Groundball, 6MD, EV 100.0 MPH)
|
|
Batting: RHB Kelly Heath
|
0-0: Ball 1-0: DOUBLE (Flyball, 89D, EV 102.5 MPH) Orestes Destrade to third
|
|
Batting: LHB Mauricio Gracia
|
0-0: Foul Ball, location: 2F 0-1: Foul Ball, location: 2F 0-2: Ball 1-2: Foul Ball, location: 2F 1-2: Fly out, F5 (Popup, 25F, EV 91.3 MPH)
|
|
Batting: LHB Steven Mobberley
|
0-0: Ball 1-0: Foul Ball, location: 2F 1-1: Ball 2-1: SINGLE (Line Drive, 9S, EV 108.1 MPH) Orestes Destrade scores Kelly Heath to third
|
|
Batting: LHB John Tucker
|
0-0: Called Strike 0-1: Foul Ball, location: 2F 0-2: Ball 1-2: Fielders Choice at 2nd, 4-6 (Groundball, 4, EV 83.8 MPH) Kelly Heath scores
|
|
Batting: RHB Gordy Hodgson
|
0-0: Ball 1-0: Ball 2-0: Called Strike 2-1: Ball 3-1: Called Strike 3-2: DOUBLE (Flyball, 78D, EV 111.3 MPH) John Tucker to third John Tucker scores
|
|
Batting: SHB Harry Chappas
|
0-0: Called Strike 0-1: Ground out 6-3 (Groundball, 6, EV 86.9 MPH)
|
| Bottom of the 5th over - 3 runs, 4 hits, 0 errors, 1 left on base; Richmond 4 - Louisville 3 |
| TOP OF THE 6TH |
|
Richmond Braves batting - Pitching for Louisville Stallions : RHP Jerry Ujdur
|
|
Batting: SHB Donnie Scott
|
0-0: Fly out, F7 (Flyball, 7D, EV 87.5 MPH)
|
|
Batting: SHB Julio Cruz
|
0-0: Ball 1-0: Foul Ball, location: 2F 1-1: Ball 2-1: Called Strike 2-2: Ball 3-2: Ground out 6-3 (Groundball, 6, EV 105.0 MPH)
|
|
Batting: RHB Mark Naehring
|
0-0: SINGLE (Groundball, 6MD, EV 95.0 MPH)
|
|
Pitching: RHP Al Lachowicz
|
|
|
Batting: RHB Dave Stegman
|
0-0: Called Strike 0-1: Ball 1-1: Swinging Strike 1-2: Strikes out looking
|
| Top of the 6th over - 0 runs, 1 hit, 0 errors, 1 left on base; Richmond 4 - Louisville 3 |
| BOTTOM OF THE 6TH |
|
Louisville Stallions batting - Pitching for Richmond Braves : LHP Danny Jaster
|
|
Batting: SHB Gerald DeSimone
|
0-0: Called Strike 0-1: Foul Ball, location: 2F 0-2: Foul Ball, location: 2F 0-2: Foul Ball, location: 2F 0-2: Ball 1-2: Ball 2-2: SINGLE (Line Drive, 78S, EV 110.0 MPH)
|
|
Batting: RHB Stephen Dembowski
|
0-0: Called Strike 0-1: Ball 1-1: Foul Ball, location: 2F 1-2: Reached on error, E8 (Flyball, 8LD, EV 86.9 MPH) Gerald DeSimone to second
|
|
Batting: SHB Orestes Destrade
|
0-0: Ball 1-0: Ball 2-0: Called Strike 2-1: Foul Ball, location: 2F 2-2: Ball 3-2: Foul Ball, location: 2F 3-2: Strikes out swinging
|
|
Batting: RHB Kelly Heath
|
0-0: Ball 1-0: Ball 2-0: Swinging Strike 2-1: Ball 3-1: Called Strike 3-2: Fly out, F9 (Flyball, 9LS, EV 88.8 MPH)
|
|
Batting: LHB Mauricio Gracia
|
0-0: Ball 1-0: Called Strike 1-1: Ball 2-1: Foul Ball, location: 2F 2-2: Ball 3-2: Ground out 6-3 (Groundball, 6, EV 84.4 MPH)
|
| Bottom of the 6th over - 0 runs, 1 hit, 1 error, 2 left on base; Richmond 4 - Louisville 3 |
| TOP OF THE 7TH |
|
Richmond Braves batting - Pitching for Louisville Stallions : RHP Al Lachowicz
|
|
Batting: RHB Mike Fuentes
|
0-0: Ball 1-0: Called Strike 1-1: Ball 2-1: Called Strike 2-2: Fly out, F3 (Popup, 3SF, EV 70.0 MPH)
|
|
Batting: SHB Howard Johnson
|
0-0: Called Strike 0-1: Ball 1-1: SOLO HOME RUN (Flyball, 89XD, EV 95.0 MPH), Distance : 441 ft
|
|
Batting: LHB Chris Evans
|
0-0: Swinging Strike 0-1: Swinging Strike 0-2: Ball 1-2: Ball 2-2: Ball 3-2: Base on Balls
|
|
Batting: LHB Dan Rohn
|
0-0: Foul Ball, location: 2F 0-1: Foul Ball, location: 2F 0-2: Fly out, F7 (Flyball, 78S, EV 85.6 MPH)
|
|
Batting: LHB Max Venable
|
0-0: Ball 1-0: Ball 2-0: Ball 3-0: Called Strike 3-1: Called Strike 3-2: Foul Ball, location: 2F 3-2: Ground out 4-3 (Groundball, 34, EV 86.3 MPH)
|
| Top of the 7th over - 1 run, 1 hit, 0 errors, 1 left on base; Richmond 5 - Louisville 3 |
| BOTTOM OF THE 7TH |
|
Louisville Stallions batting - Pitching for Richmond Braves : LHP Danny Jaster
|
|
Batting: LHB Steven Mobberley
|
0-0: Ball 1-0: Called Strike 1-1: Foul Ball, location: 2F 1-2: Ball 2-2: Foul Ball, location: 2F 2-2: Ball 3-2: Fly out, F5 (Line Drive, 5, EV 68.1 MPH)
|
|
Batting: LHB John Tucker
|
0-0: Called Strike 0-1: Ball 1-1: Called Strike 1-2: Ball 2-2: Foul Ball, location: 2F 2-2: Fly out, F9 (Flyball, 9LD, EV 95.6 MPH)
|
|
Batting: RHB Gordy Hodgson
|
0-0: Called Strike 0-1: Ball 1-1: Foul Ball, location: 2F 1-2: Ball 2-2: Strikes out looking
|
| Bottom of the 7th over - 0 runs, 0 hits, 0 errors, 0 left on base; Richmond 5 - Louisville 3 |
| TOP OF THE 8TH |
|
Richmond Braves batting - Pitching for Louisville Stallions : RHP Al Lachowicz
|
|
Batting: SHB Donnie Scott
|
0-0: Ball 1-0: Ball 2-0: Ball 3-0: Called Strike 3-1: SINGLE (Groundball, 5D, EV 96.9 MPH)
|
|
Batting: SHB Julio Cruz
|
0-0: Bunted foul 0-1: Bunt missed! 0-2: Ball 1-2: Ball 2-2: Ball 3-2: SINGLE (Groundball, 56S, EV 68.8 MPH) (infield hit) Donnie Scott to second
|
|
Batting: RHB Mark Naehring
|
0-0: Fly out, F8 (Flyball, 8RD, EV 87.5 MPH) Runner from 2nd tags up, SAFE at 3rd with throw by CF
|
|
Batting: RHB Dave Stegman
|
0-0: Called Strike 0-1: Swinging Strike 0-2: Strikes out swinging
|
|
Batting: RHB Mike Fuentes
|
0-0: Ball 1-0: Foul Ball, location: 2F 1-1: Ball 2-1: Ball 3-1: Called Strike 3-2: Strikes out swinging
|
| Top of the 8th over - 0 runs, 2 hits, 0 errors, 2 left on base; Richmond 5 - Louisville 3 |
| BOTTOM OF THE 8TH |
|
Louisville Stallions batting - Pitching for Richmond Braves : LHP Danny Jaster
|
|
Batting: SHB Harry Chappas
|
0-0: Swinging Strike 0-1: Called Strike 0-2: Ball 1-2: Foul Ball, location: 2F 1-2: Ball 2-2: Strikes out swinging
|
|
Batting: SHB Gerald DeSimone
|
0-0: Foul Ball, location: 2F 0-1: Ball 1-1: Swinging Strike 1-2: Strikes out swinging
|
|
Batting: RHB Stephen Dembowski
|
0-0: Called Strike 0-1: Ground out 5-3 (Groundball, 56, EV 89.4 MPH)
|
| Bottom of the 8th over - 0 runs, 0 hits, 0 errors, 0 left on base; Richmond 5 - Louisville 3 |
| TOP OF THE 9TH |
|
Richmond Braves batting - Pitching for Louisville Stallions : RHP Al Lachowicz
|
|
Batting: SHB Howard Johnson
|
0-0: Ball 1-0: Ball 2-0: Ball 3-0: Base on Balls
|
|
Batting: LHB Chris Evans
|
0-0: Foul Ball, location: 2F 0-1: Called Strike Howard Johnson steals 2nd base (no throw) 0-2: Fly out, F8 (Line Drive, 8RM, EV 91.3 MPH)
|
|
Batting: LHB Dan Rohn
|
0-0: Ball 1-0: Called Strike 1-1: Ball 2-1: Foul Ball, location: 2F 2-2: Foul Ball, location: 2F 2-2: Strikes out swinging
|
|
Pitching: RHP Jeff Taylor
|
|
|
Batting: LHB Max Venable
|
0-0: Ball Wild Pitch! Howard Johnson to third 1-0: Ball 2-0: Foul Ball, location: 2F 2-1: Fly out, F8 (Flyball, 8LS, EV 97.5 MPH)
|
| Top of the 9th over - 0 runs, 0 hits, 0 errors, 1 left on base; Richmond 5 - Louisville 3 |
| BOTTOM OF THE 9TH |
|
Louisville Stallions batting - Pitching for Richmond Braves : LHP Danny Jaster
|
|
Pitching: RHP Mike Allen
|
|
|
Batting: SHB Orestes Destrade
|
0-0: Called Strike 0-1: Ball 1-1: Ground out 4-3 (Groundball, 4, EV 83.8 MPH)
|
|
Batting: RHB Kelly Heath
|
0-0: Called Strike 0-1: Ground out 5-3 (Groundball, 5S, EV 82.5 MPH)
|
|
Batting: LHB Mauricio Gracia
|
0-0: Ball 1-0: Hit by Pitch
|
|
Batting: LHB Steven Mobberley
|
0-0: Called Strike 0-1: Called Strike 0-2: Ball 1-2: Ball 2-2: Fielders Choice at 2nd, U6 (Groundball, 6M, EV 109.4 MPH)
|
| Bottom of the 9th over - 0 runs, 0 hits, 0 errors, 1 left on base; Richmond 5 - Louisville 3 |
|